[Event "*** Titled Tuesday Blitz"]
[Site "Chess.com"]
[Date "2020.05.26"]
[Round "2"]
[White "CarrotsandPizza"]
[Black "Oneofmyturns"]
[Result "1/2-1/2"]
[WhiteElo "2378"]
[BlackElo "2656"]
[TimeControl "180+1"]
[EndTime "10:17:48 PDT"]
[Termination "Game drawn - insufficient material"]

1. e4 c6 2. d4 d5 3. Nc3 dxe4 4. Nxe4 Bf5 5. Ng3 Bg6 6. h4 h6 7.
f4 e6 8. Nf3 Nf6 9. h5 Bh7 10.
Bd3 Bxd3 11. Qxd3 Qc7 12. Bd2 Nbd7 13. Ne5 c5 14. O-O-O cxd4 15. Qxd4 Bc5 16. Qa4 O-O 17. Nxd7 Qxd7 18. Qxd7 Nxd7 19. Ne4 Be7 20. Bc3 Rfd8 21. g4 Nb6 22. g5 hxg5 23. fxg5 Nd5 24. Be5 f6 25.
gxf6 gxf6 26. Bd4 Kf7 27. h6 Rh8 28. c4 Nf4 29. Be3 Rac8 30. b3 Nd5 31. Bd4 b5 32. c5 Rh7 33. Kb1 f5 34. Nd6+ Bxd6 35. cxd6 Ke8 36. Bg7 Kd7 37. Rc1 Rxc1+ 38. Rxc1 Kxd6 39. Rc8 f4 40. Rh8 Rxh8 41. Bxh8 Ne7 42. Bd4 e5 43.
Bxa7 Ke6 44. h7 Ng6 45. Kc2 Kf7 46. a4 bxa4 47. bxa4 Kg7 48. a5 Ne7 49. Bb8 Nc6 50. Bxe5+ Nxe5 51. a6 Nc6 52. Kd3 Nb4+ 53. Ke4 Nxa6 54.
Kxf4 Kxh7 1/2-1/2

[Event "*** Titled Tuesday Blitz"]
[Site "Chess.com"]
[Date "2020.05.26"]
[Round "2"]
[White "mr65"]
[Black "Tacticusbd"]
[Result "1/2-1/2"]
[WhiteElo "2197"]
[BlackElo "2413"]
[TimeControl "180+1"]
[EndTime "10:17:48 PDT"]
[Termination "Game drawn by repetition"]

1. e4 e6 2. d4 d5 3. Nc3 Nf6 4. e5 Nfd7 5. f4 c5 6. Nf3 Nc6 7. Be3 Be7 8. Qd2 O-O 9. Be2 b6 10.
O-O a5 11. a4 Ba6 12. Nb5 f6 13. c3 fxe5 14. fxe5 cxd4 15. cxd4 Rc8 16. Bd3 Nb4 17. Bb1 Qe8 18. Ra3 Qh5 19. Ng5 Rxf1+ 20. Kxf1 Bxg5 21. Bxg5 Qxh2 22. Rh3 Rf8+ 23. Bf6 Nxf6 24. Rxh2 Ne4+ 25. Ke2 Bxb5+ 26. axb5 Rf2+ 27. Ke1 Rxd2 28. Bxe4 Rxb2 29. Bxh7+ Kf7 30. Rh4 a4 31. Rf4+ Ke7 32. Bg6 a3 33.
Rf7+ Kd8 34. Rf8+ Kc7 35. Rf7+ Kb8 36. Rf8+ Kc7 37. Rf7+ Kd8 38. Rf8+ Ke7 39. Rf7+ Kd8 1/2-1/2

[Event "*** Titled Tuesday Blitz"]
[Site "Chess.com"]
[Date "2020.05.26"]
[Round "2"]
[White "Paralinch"]
[Black "wild_cat99"]
[Result "1-0"]
[WhiteElo "2876"]
[BlackElo "2552"]
[TimeControl "180+1"]
[EndTime "10:17:50 PDT"]
[Termination "Paralinch won by resignation"]

1. e4 c5 2. Nf3 d6 3. d4 cxd4 4. Nxd4 Nf6 5. Nc3 a6 6. Be3 e6 7.
Be2 b5 8. Bf3 Bb7 9. e5 Nd5 10.
Nxd5 exd5 11. exd6 Bxd6 12. O-O O-O 13. Nf5 Be5 14.
Bxd5 Bxd5 15. Qxd5 Qxd5 16. Ne7+ Kh8 17. Nxd5 Bxb2 18.
Rab1 Be5 19. Nb6 Ra7 20. Nc4 Re7 21. Bc5 bxc4 22. Bxe7 Re8 23. Ba3 Nc6 24. Rfe1 Rc8 25. Rb6 h5 26. Rxa6 Bc3 27. Re4 Nd4 28. Bb4 Bb2 29. c3 Nb5 30. Re3 Nc7 31. Rd6 Ne6 32. Rd2 Bc1 33. Rxe6 Bxd2 34. Re2 Bh6 35. a4 g6 36. a5 Bf8 37. Bxf8 Rxf8 38. Ra2 Ra8 39. f4 Kg7 40. Kf2 Kf6 41. a6 Ke6 42. a7 Kd5 43.
Ke3 Re8+ 44. Kf3 Ra8 45. Ra5+ Kc6 46. Ke4 f6 47. Kd4 Kb6 48. Ra2 Kb5 49. Kd5 Rd8+ 50. Ke6 Ra8 51. Kxf6 Kb6 52. Kxg6 Kb7 53. Kg7 Rh8 1-0

[Event "*** Titled Tuesday Blitz"]
[Site "Chess.com"]
[Date "2020.05.26"]
[Round "2"]
[White "moro182"]
[Black "Aleksandr_Kozak"]
[Result "0-1"]
[WhiteElo "2632"]
[BlackElo "2336"]
[TimeControl "180+1"]
[EndTime "10:17:51 PDT"]
[Termination "Aleksandr_Kozak won by resignation"]

1. d4 g6 2. c4 Bg7 3. g3 d6 4.
Bg2 Nd7 5. b3 e5 6. Bb2 Ne7 7.
Nf3 O-O 8. O-O h6 9. Nc3 f5 10. dxe5 dxe5 11. e4 f4 12. Qc2 g5 13. Rfd1 c6 14.
h4 fxg3 15. fxg3 g4 16. Nh2 Qb6+ 17. Kh1 Nf6 18. Na4 Qc7 19. Rf1 b6 20. Rad1 Be6 21.
Ba3 Rad8 22. Nb2 c5 23. Na4 Nc6 24. Nc3 Nd4 25. Qd3 Nf3 26. Nd5 Bxd5 27. cxd5 Nh5 28. Nxf3 Nxg3+ 29. Kg1 Nxf1 30. Ne1 Qe7 31. Bxf1 Qxh4 32.
Qe2 Rd6 33. Ng2 Qh5 34. Rd3 Rdf6 35. Rd1 Rf3 36. d6 g3 37. Ne3 Rxf1+ 38. Rxf1 Qxe2 39.
Rxf8+ Bxf8 40. Ng4 Qxg4 0-1

[Event "*** Titled Tuesday Blitz"]
[Site "Chess.com"]
[Date "2020.05.26"]
[Round "2"]
[White "elamier"]
[Black "GM4life"]
[Result "1/2-1/2"]
[WhiteElo "2101"]
[BlackElo "2379"]
[TimeControl "180+1"]
[EndTime "10:17:51 PDT"]
[Termination "Game drawn by repetition"]

1. d4 Nf6 2. Bg5 g6 3. Bxf6 exf6 4. e3 Bg7 5. g3 O-O 6. Bg2 c5 7. c3 f5 8. Ne2 Nc6 9. O-O d6 10.
Nd2 Re8 11. a4 Bd7 12. Nc4 Qc7 13. Nf4 Ne7 14. dxc5 dxc5 15. Qd6 Rac8 16. Qxc7 Rxc7 17. Nd6 Rb8 18. Nd5 Nxd5 19. Bxd5 Bc6 20. Rfd1 Rd8 21. Bxc6 Rxc6 22. Nb5 Rxd1+ 23. Rxd1 a6 24. Rd8+ Bf8 25. Na3 Kg7 26. Nc4 b5 27. Ne5 Rd6 28. Ra8 bxa4 29. Ra7 Rf6 30. Nd7 Re6 31. Nxf8 Kxf8 32. Kf1 Rb6 33.
Kg2 Rxb2 34. Rxa6 Rb3 35. Rxa4 Rxc3 36. Ra8+ Kg7 37. Rc8 Kf6 38. Rc7 h5 39. h4 Ke6 40.
Kf3 f6 41. Rg7 c4 42. Rxg6 Rc2 43. Rg8 c3 44. Rc8 Ke5 45. Rc7 Rc1 46. Rc8 Kd5 47. Ke2 Rc2+ 48. Kf3 Rc1 49. Ke2 Ke4 50. Re8+ Kd5 51.
Rc8 1/2-1/2

[Event "*** Titled Tuesday Blitz"]
[Site "Chess.com"]
[Date "2020.05.26"]
[Round "2"]
[White "Chessmasterzt"]
[Black "Oleksandr_Bortnyk"]
[Result "0-1"]
[WhiteElo "2587"]
[BlackElo "2984"]
[TimeControl "180+1"]
[EndTime "10:17:52 PDT"]
[Termination "Oleksandr_Bortnyk won on time"]

1. Nf3 Nf6 2. d4 b6 3. g3 Bb7 4. Bg2 g6 5. O-O Bg7 6. c4 O-O 7. d5 e6 8. Nc3 exd5 9. cxd5 Re8 10. Nd2 d6 11. Rb1 a5 12. b3 h5 13. Bb2 Nbd7 14. Qc2 Nc5 15. Rbd1 Ba6 16. Rfe1 h4 17. a3 Ng4 18.
Nf3 hxg3 19. hxg3 Qe7 20. b4 axb4 21. axb4 Nd7 22. Nd4 Nxf2 23. Kxf2 Qe3+ 24. Kf1 Bxd4 25. Rxd4 Qxd4 26. Ne4 Qxb4 27. Bc3 Qc4 28. Nd2 Rxe2 29. Rxe2 Qxe2+ 30. Kg1 Bd3 31. Qb2 Ne5 32. Bd4 Qe1+ 33. Kh2 Ng4+ 34. Kh3 Bf5 35. Kh4 Qe7+ 36. Kh3 Qg5 37. Nf3 Ne5+ 0-1

[Event "*** Titled Tuesday Blitz"]
[Site "Chess.com"]
[Date "2020.05.26"]
[Round "2"]
[White "IMinTheWings"]
[Black "Ziachess74"]
[Result "0-1"]
[WhiteElo "2110"]
[BlackElo "2613"]
[TimeControl "180+1"]
[EndTime "10:17:52 PDT"]
[Termination "Ziachess74 won on time"]

1. c4 Nf6 2. Nc3 g6 3. e4 d6 4. d4 Bg7 5. Be2 O-O 6. Be3 e5 7. d5 c6 8. g4 Qa5 9. f3 cxd5 10. cxd5 Bd7 11. Qd2 Na6 12. h4 h5 13. g5 Nh7 14.
Nh3 Rfc8 15. Nf2 Nc5 16. Rb1 Qd8 17. Nd3 b6 18. Nxc5 bxc5 19. Ba6 Rcb8 20. Kf2 f6 21.
gxf6 Bxf6 22. Rbg1 Kf7 23. Ke2 Qb6 24. Bc4 Qxb2 25. Bb3 Qxd2+ 26. Kxd2 a5 27. Kc2 Rb4 28. a3 Rb6 29. a4 Rb4 30. Rb1 Nf8 31. Bg5 Bxg5 32.
hxg5 Nh7 33. Rhg1 Ke7 34. Kd3 Rf8 35. Ke3 Rf4 36. Ne2 Rh4 37. Bc2 Rh2 38. Rxb4 cxb4 39.
Bb3 Nf8 40. Kd3 Bc8 41. Ke3 Ba6 42. Nc1 Rb2 43. Bd1 Nd7 44. Be2 Bxe2 45. Nxe2 Nc5 46. Rc1 Rb3+ 47. Kd2 Ra3 0-1

[Event "*** Titled Tuesday Blitz"]
[Site "Chess.com"]
[Date "2020.05.26"]
[Round "2"]
[White "Walter_White_Poland"]
[Black "zmeeed67"]
[Result "0-1"]
[WhiteElo "2200"]
[BlackElo "2430"]
[TimeControl "180+1"]
[EndTime "10:17:52 PDT"]
[Termination "zmeeed67 won by checkmate"]

1. e4 c5 2. c4 Nc6 3. Nc3 g6 4. g3 Bg7 5. Bg2 e6 6. Nge2 Nge7 7. O-O O-O 8. d3 d6 9. Rb1 a5 10. Nb5 Nd4 11. Nexd4 cxd4 12. Bf4 e5 13. Bd2 f5 14. f4 fxe4 15. Bxe4 Bh3 16. Bxb7 Bxf1 17. Qxf1 Rb8 18. Bg2 d5 19. a4 dxc4 20. dxc4 exf4 21. gxf4 Nf5 22. Bd5+ Kh8 23. Re1 Ne3 24. Bxe3 dxe3 25.
Qd3 Rxf4 26. Nc3 Rg4+ 27. Kh1 Rxb2 28. Qxe3 h5 29. Qe8+ Qxe8 30. Rxe8+ Kh7 31. Bg8+ Kh6 32. Nd1 Rd2 33. Re1 Bd4 34. Bd5 Rh4 35. Rf1 Rhxh2# 0-1

[Event "*** Titled Tuesday Blitz"]
[Site "Chess.com"]
[Date "2020.05.26"]
[Round "2"]
[White "Ashedu66"]
[Black "chessfrendz"]
[Result "0-1"]
[WhiteElo "2165"]
[BlackElo "2415"]
[TimeControl "180+1"]
[EndTime "10:17:52 PDT"]
[Termination "chessfrendz won on time"]

1. d4 e6 2. e4 d5 3. Nc3 Bb4 4. exd5 exd5 5. Bd3 Nf6 6. h3 O-O 7. Qf3 Re8+ 8. Ne2 Bxc3+ 9. bxc3 Ne4 10. O-O Nc6 11.
Bf4 Be6 12. Rae1 Qd7 13. Ng3 Nxg3 14. Qxg3 Rac8 15. Re3 Ne7 16. Rfe1 Ng6 17. Be5 c6 18. h4 Bf5 19. h5 Bxd3 20. cxd3 Nxe5 21. Rxe5 Rxe5 22.
Qxe5 h6 23. c4 Kf8 24. cxd5 cxd5 25. Re3 Re8 26. Qf4 Rxe3 27. fxe3 a6 28. Kf2 Qd8 29. Ke2 f6 30. Qf5 Qe8 31. e4 dxe4 32. dxe4 Qc6 33. Ke3 Qc3+ 34. Kf4 Qd2+ 35. Kg3 Qxd4 0-1

[Event "*** Titled Tuesday Blitz"]
[Site "Chess.com"]
[Date "2020.05.26"]
[Round "2"]
[White "PlotnikovPavel"]
[Black "NewBornNow"]
[Result "0-1"]
[WhiteElo "2471"]
[BlackElo "2706"]
[TimeControl "180+1"]
[EndTime "10:17:53 PDT"]
[Termination "NewBornNow won on time"]

1. e4 c5 2. c3 Nf6 3. e5 Nd5 4. d4 cxd4 5. Qxd4 Nb6 6. Bd3 Nc6 7. Qe4 g6 8. Nf3 d5 9. exd6 Bf5 10. Qe2 Qxd6 11. Bxf5 gxf5 12. O-O O-O-O 13. Be3 Nd5 14. Na3 Nxe3 15. fxe3 Bh6 16. Nd4 e6 17. Nab5 Qe5 18.
Rae1 Nxd4 19. cxd4 Qd5 20. Qc2+ Kd7 21. Qc7+ Ke8 22.
Nc3 Qd7 23. Qe5 Rg8 24. Rxf5 Bg7 25. Qe4 Kf8 26. Rf2 h5 27. Ref1 Bh6 28. Kh1 Rg7 29. Qf3 h4 30. Ne4 Qd5 31. Nf6 Qxf3 32. Rxf3 Ke7 33. Ne4 f5 34. Nc5 b6 35. Nd3 Rc8 36. Rc1 Rxc1+ 37. Nxc1 Rg8 38. Nd3 Rc8 39. g3 h3 40. Rf2 Bxe3 41. Re2 Bxd4 0-1

[Event "*** Titled Tuesday Blitz"]
[Site "Chess.com"]
[Date "2020.05.26"]
[Round "2"]
[White "sofaceindisguise"]
[Black "eCztery"]
[Result "0-1"]
[WhiteElo "2622"]
[BlackElo "2327"]
[TimeControl "180+1"]
[EndTime "10:17:53 PDT"]
[Termination "eCztery won by resignation"]

1. d4 Nf6 2. Nf3 d5 3. c4 e6 4. Bg5 Nbd7 5. e3 Bb4+ 6. Nc3 c5 7. a3 Bxc3+ 8. bxc3 Qa5 9. Qc2 Ne4 10. cxd5 exd5 11. Rc1 Nxg5 12. Nxg5 Qxa3 13. Nxh7 cxd4 14. exd4 Rxh7 15.
Bd3 Rh6 16. O-O Qd6 17. g3 Nb6 18. Rfe1+ Kf8 19. Re5 Bd7 20. Rce1 Re8 21. Qa2 a6 22. Qa5 f6 23. Rxe8+ Bxe8 24. Bf5 Nc4 25. Qa1 Bd7 26. Bd3 Bg4 27. Qa4 b5 28. Qc2 f5 29.
Bxf5 Bf3 30. Qd3 Bh5 31. Bh3 Qf6 32. f4 Bg6 33. Qe2 Be4 34. Bg2 Nd6 35. Qg4 Qf5 36.
Qd1 Bxg2 37. Re5 Qh3 38. Qe2 Qxh2+ 39. Kf2 Be4+ 40. Ke3 Qxg3+ 41. Kd2 Rh2 0-1

[Event "*** Titled Tuesday Blitz"]
[Site "Chess.com"]
[Date "2020.05.26"]
[Round "2"]
[White "Chessdemon2019"]
[Black "BogdanBelyakov89"]
[Result "1/2-1/2"]
[WhiteElo "2293"]
[BlackElo "2626"]
[TimeControl "180+1"]
[EndTime "10:17:53 PDT"]
[Termination "Game drawn by repetition"]

1. e4 e5 2. Nf3 Nc6 3. Bc4 Bc5 4. c3 Nf6 5. d3 O-O 6. O-O d5 7. exd5 Nxd5 8. Nbd2 Nb6 9. Bb5 Bd6 10. Re1 Bg4 11.
h3 Bh5 12. Ne4 f5 13. Ng3 Bxf3 14. Qxf3 Qd7 15. Be3 e4 16. dxe4 f4 17. Nf5 fxe3 18.
Qxe3 a6 19. Bxc6 bxc6 20. Qg5 Rae8 21. Rad1 Kh8 22. f3 Qf7 23. Kh1 Nc8 24. Nd4 c5 25. Nf5 g6 26. Nxd6 cxd6 27. e5 dxe5 28. Rxe5 Rxe5 29. Qxe5+ Qg7 30. Qxc5 h6 31. Qc6 Qf6 32.
Rd6 Qf4 33. Rxg6 Kh7 34. Re6 Qc1+ 35. Kh2 Qf4+ 36. Kh1 Qc1+ 37. Kh2 Qf4+ 38. Kh1 1/2-1/2

[Event "*** Titled Tuesday Blitz"]
[Site "Chess.com"]
[Date "2020.05.26"]
[Round "2"]
[White "Sashadav97"]
[Black "Gentle_Emperor"]
[Result "1-0"]
[WhiteElo "2626"]
[BlackElo "2299"]
[TimeControl "180+1"]
[EndTime "10:17:53 PDT"]
[Termination "Sashadav97 won by checkmate"]

1. d4 Nf6 2. c4 e6 3. Nc3 d5 4.
cxd5 exd5 5. Bg5 c6 6. e3 Be7 7. Bd3 Nbd7 8. Nge2 O-O 9. O-O Re8 10. Qc2 Nf8 11.
Rae1 g6 12. f3 Be6 13. Kh1 Rc8 14. e4 Nh5 15. Bc1 dxe4 16. fxe4 Bg4 17. Bc4 Be6 18. Bd3 Bg4 19. Bh6 Bxe2 20. Bxe2 Bg5 21. Bxf8 Rxf8 22. Bxh5 gxh5 23. Rd1 h4 24. Qd3 h6 25. e5 c5 26. d5 c4 27. Qe4 Qb6 28. Qe2 Rfe8 29. e6 fxe6 30. d6 Rcd8 31. Ne4 Qb5 32. Qh5 Rf8 33. Qg6+ Kh8 34. Qxe6 c3 35. Rg1 Rde8 36.
Qg6 Rg8 37. Nxc3 Qxb2 38. Qd3 Kg7 39. d7 Re3 40. Qd4+ Kh7 41. Ne4 h3 42. Nxg5+ Rxg5 43. Qxb2 hxg2+ 44. Rxg2 Rge5 45. d8=Q Re7 46. Qbh8# 1-0

[Event "*** Titled Tuesday Blitz"]
[Site "Chess.com"]
[Date "2020.05.26"]
[Round "2"]
[White "Maybe00"]
[Black "Cubitas"]
[Result "1-0"]
[WhiteElo "2801"]
[BlackElo "2516"]
[TimeControl "180+1"]
[EndTime "10:17:54 PDT"]
[Termination "Maybe00 won by resignation"]

1. d4 d5 2. c4 Nc6 3. Nf3 Bg4 4. Nc3 Nf6 5. Bg5 Ne4 6. cxd5 Nxc3 7. bxc3 Qxd5 8. Qb3 O-O-O 9. Qxd5 Rxd5 10. e4 Rd8 11. Bb5 Bd7 12. d5 Nb8 13. a4 a6 14. Bxd7+ Nxd7 15. Ke2 h6 16. Be3 g5 17. Bd4 Rg8 18. h3 Bg7 19. Bxg7 Rxg7 20. Nd4 Rg6 21. Nf5 Re8 22. f3 e6 23. dxe6 Rgxe6 24. Ng7 Nc5 25. Nxe8 Rxe8 26.
h4 Ne6 27. hxg5 hxg5 28. Ke3 Nf4 29. g3 Nd5+ 30. Kd4 Nf6 31. Rh6 Nd7 32. Rah1 c5+ 33. Ke3 Kc7 34. Rh8 Re7 35. R1h5 g4 36. f4 Nf6 37.
Re5 Rd7 38. Rf5 Rd6 39. c4 Re6 40. e5 Nd7 41. Rxf7 Kb6 42. Rxd7 Ka5 43. Rd6 Re7 44. Ke4 Rc7 45. e6 b6 46. Rd7 Rc6 47. e7 Re6+ 48.
Kd5 Re1 49. e8=Q Rd1+ 50. Kc6 Rd6+ 51. Rxd6 1-0

[Event "*** Titled Tuesday Blitz"]
[Site "Chess.com"]
[Date "2020.05.26"]
[Round "2"]
[White "giantslayer83"]
[Black "MartinMatthiesen"]
[Result "1-0"]
[WhiteElo "2669"]
[BlackElo "2382"]
[TimeControl "180+1"]
[EndTime "10:17:54 PDT"]
[Termination "giantslayer83 won by resignation"]

1. d4 Nf6 2. Bg5 Ne4 3. Bf4 d5 4. e3 c5 5. Bd3 Nf6 6. c3 Nc6 7. h3 Qb6 8. Qc1 g6 9. Nf3 Bg7 10. O-O O-O 11. Nbd2 Nd7 12. c4 cxd4 13. cxd5 Nb4 14.
Bc4 Nf6 15. e4 Bd7 16. a3 Na6 17. Be5 Nh5 18. Bxg7 Kxg7 19. b4 Rac8 20. Qb2 Nf4 21. Rac1 Kg8 22. Qxd4 Qxd4 23. Nxd4 Nc7 24. Rfe1 e5 25.
N4f3 f6 26. h4 Kg7 27. g3 Nh5 28. Nf1 Ne8 29. Ne3 Nd6 30. Bd3 Rfd8 31. Kf1 Kf8 32.
Ke2 Ng7 33. Kd2 Nge8 34. Rxc8 Rxc8 35. Rc1 Rxc1 36. Kxc1 b6 37. Kd2 Ke7 38. Ke2 Nc7 39.
Nd2 Nf7 40. Nec4 Nd6 41. Nxd6 Kxd6 42. Nc4+ Ke7 43. d6+ 1-0

[Event "*** Titled Tuesday Blitz"]
[Site "Chess.com"]
[Date "2020.05.26"]
[Round "2"]
[White "SARGISMV"]
[Black "tan275"]
[Result "1-0"]
[WhiteElo "2428"]
[BlackElo "2199"]
[TimeControl "180+1"]
[EndTime "10:17:54 PDT"]
[Termination "SARGISMV won by checkmate"]

1. Nf3 d5 2. c4 e6 3. g3 Nf6 4.
Bg2 d4 5. O-O c5 6. b4 cxb4 7.
a3 Nc6 8. Qa4 Bd7 9. d3 a5 10.
axb4 Bxb4 11. Na3 O-O 12. Nc2 Bc5 13. Qb3 b6 14. Bf4 Nh5 15. Bd2 e5 16. Ng5 f5 17.
Bd5+ Kh8 18. Nf7+ Rxf7 19. Bxf7 Nf6 20. Bg5 f4 21. Bd5 Rc8 22. Bg2 h6 23. Bxf6 Qxf6 24. Ne1 Bg4 25. Nf3 Qe6 26. Rae1 Bh3 27. Nd2 Bxg2 28. Kxg2 Ne7 29. Ne4 Qc6 30. Qb5 Qb7 31. Kg1 Nf5 32. Rb1 Bb4 33. Qxe5 fxg3 34. Qxf5 gxh2+ 35. Kh1 Rf8 36. Qg4 Qc7 37. f4 Qc6 38. Rf3 Bc3 39. Rg3 Bd2 40. Qxg7# 1-0

[Event "*** Titled Tuesday Blitz"]
[Site "Chess.com"]
[Date "2020.05.26"]
[Round "2"]
[White "Ar4uha"]
[Black "Gabix_94"]
[Result "0-1"]
[WhiteElo "2570"]
[BlackElo "2912"]
[TimeControl "180+1"]
[EndTime "10:17:55 PDT"]
[Termination "Gabix_94 won on time"]

1. e4 c5 2. Nf3 Nc6 3. Bb5 Na5 4. c3 a6 5. Ba4 Nf6 6. e5 Nd5 7. d4 b5 8. dxc5 bxa4 9. Qxd5 Bb7 10. Qd4 e6 11.
Be3 Rc8 12. Qxa4 Bxf3 13. gxf3 Bxc5 14. Nd2 O-O 15. Rg1 Bxe3 16. fxe3 Qb6 17. Ke2 Nc6 18. Nc4 Qb8 19. f4 Ne7 20. Rab1 Nd5 21. Nd6 Rxc3 22. Rg3 Rc5 23. Ne4 Rc6 24. Qd1 Rfc8 25. Kf3 Qa7 26.
Qg1 g6 27. h4 Rc2 28. h5 Ne7 29. hxg6 fxg6 30. Nf6+ Kg7 31. Qh1 h6 32. Rh3 Qb7+ 33. e4 Qb5 34. Kg4 h5+ 35. Kg5 Rf8 36. Rxh5 gxh5 37.
Qxh5 Rxf6 0-1

[Event "*** Titled Tuesday Blitz"]
[Site "Chess.com"]
[Date "2020.05.26"]
[Round "2"]
[White "StephenDedalus83"]
[Black "Anna_ChessMate"]
[Result "0-1"]
[WhiteElo "2770"]
[BlackElo "2523"]
[TimeControl "180+1"]
[EndTime "10:17:55 PDT"]
[Termination "Anna_ChessMate won by checkmate"]

1. e4 e5 2. Nf3 Nc6 3. Bb5 a6 4. Ba4 Nf6 5. O-O Nxe4 6. d4 b5 7. Bb3 d5 8. dxe5 Be6 9. Nbd2 Be7 10. c3 O-O 11. Bc2 f5 12. Nb3 Qd7 13. Nbd4 Nxd4 14. Nxd4 c5 15. Nxe6 Qxe6 16. f3 Ng5 17. a4 Rad8 18.
axb5 axb5 19. Qe2 c4 20. Bxg5 Bxg5 21. f4 Be7 22. g4 fxg4 23. f5 Qb6+ 24. Kh1 h5 25. f6 gxf6 26. Rf5 fxe5 27. Rxe5 Rf2 28. Qd1 Rxh2+ 29. Kxh2 Qf2+ 30. Kh1 Qh4+ 31. Kg2 Qh3+ 32.
Kg1 Bc5+ 33. Qd4 Bxd4+ 34. cxd4 Rf8 35. Rae1 Qg3+ 36. Kh1 Qf3+ 37. Kg1 Qf2+ 38. Kh1 Qxc2 39. Rg5+ Kh7 40. Rxh5+ Kg6 41. Rh2 Rf2 42. Rh8 Kf5 43. Kg1 Rg2+ 44. Kh1 Re2 45. Rf1+ Ke4 46. Rhf8 Rh2+ 47.
Kg1 Qg2# 0-1

[Event "*** Titled Tuesday Blitz"]
[Site "Chess.com"]
[Date "2020.05.26"]
[Round "2"]
[White "Konek-Gorbunok"]
[Black "Unknown_IM"]
[Result "0-1"]
[WhiteElo "2213"]
[BlackElo "2539"]
[TimeControl "180+1"]
[EndTime "10:17:55 PDT"]
[Termination "Unknown_IM won on time"]

1. d4 d5 2. Nf3 Nf6 3. g3 Bf5 4. Bg2 c6 5. O-O e6 6. c4 h6 7. Nc3 Nbd7 8. Nd2 Be7 9. e4 dxe4 10. Ndxe4 O-O 11. Be3 Nxe4 12. Nxe4 Nf6 13. Nc3 Qa5 14. Qb3 Qb6 15. Qxb6 axb6 16. Rfd1 Rfd8 17. h3 Bc2 18. Rdc1 Bd3 19. d5 Bxc4 20. dxc6 bxc6 21. Bxc6 Rac8 22. Bb7 Rb8 23. Bg2 b5 24. Bf4 Bd6 25. Bxd6 Rxd6 26. b3 Bd3 27. Rd1 Rbd8 28. Rd2 b4 29. Na4 Bb5 30. Rxd6 Rxd6 31. Nc5 Rd2 32. a4 bxa3 33. Rxa3 Nd5 34. Ne4 Rd1+ 35. Kh2 Rb1 36. Nd6 Bd3 37.
Ra8+ Kh7 38. Nxf7 Rxb3 39. Ne5 Nf6 40. Ra7 Be4 0-1

[Event "*** Titled Tuesday Blitz"]
[Site "Chess.com"]
[Date "2020.05.26"]
[Round "2"]
[White "eightbyeightchess"]
[Black "Antelacus"]
[Result "1-0"]
[WhiteElo "2462"]
[BlackElo "2255"]
[TimeControl "180+1"]
[EndTime "10:17:55 PDT"]
[Termination "eightbyeightchess won by resignation"]

1. e4 c5 2. Nf3 d6 3. d4 cxd4 4. Qxd4 Nc6 5. Bb5 Bd7 6. Bxc6 Bxc6 7. Nc3 Nf6 8. Bg5 e6 9. O-O-O Be7 10. Qd3 Qc7 11.
Nd4 Rc8 12. f4 a6 13. f5 e5 14. Bxf6 gxf6 15. Nxc6 bxc6 16. g4 a5 17. Kb1 Qb6 18. Na4 Qb4 19. Qa6 O-O 20. b3 Qxe4 21. Rhe1 Qb4 22.
Nb6 Rc7 23. Nc4 d5 24. Nxa5 Qa3 25. Qb6 Rfc8 26. c4 Bb4 27. Nb7 Bxe1 28. Rxe1 dxc4 29. Nc5 c3 30. Re2 Qa7 31. Qxa7 Rxa7 32. Rc2 Rd8 33. Rxc3 Rd2 34. a4 Rxh2 35. Ne4 Kg7 36. Rxc6 Rb7 37. Nc5 Rb4 38. g5 fxg5 39. Rc7 Kf6 40. a5 g4 41. a6 Rb8 42. Nd7+ Kxf5 43. Nxb8 g3 44. Rxf7+ Ke6 45. Rg7 g2 46. a7 Rh1+ 47. Kb2 g1=Q 48. Rxg1 Rxg1 49. a8=Q Rg2+ 50. Qxg2 h5 51.
Qh3+ Kf6 52. Qh4+ Kf5 53. Nc6 e4 54. Qxh5+ Kf4 55. Qe2 e3 56. Nb4 Ke4 57. Nc2 Kf4 58. Qxe3+ Kf5 59. Nd4+ 1-0

[Event "*** Titled Tuesday Blitz"]
[Site "Chess.com"]
[Date "2020.05.26"]
[Round "2"]
[White "krasavetc"]
[Black "MYMChessAcademy"]
[Result "1-0"]
[WhiteElo "2252"]
[BlackElo "2419"]
[TimeControl "180+1"]
[EndTime "10:17:55 PDT"]
[Termination "krasavetc won on time"]

1. e4 c5 2. c3 e6 3. e5 d5 4. exd6 Bxd6 5. Nf3 Nf6 6. Be2 O-O 7. O-O Nc6 8. d4 b6 9. dxc5 Bxc5 10. Qxd8 Rxd8 11. Bg5 Bb7 12. Nbd2 Be7 13. Nc4 h6 14. Bh4 g5 15. Bg3 Ne4 16. Nfe5 Nxe5 17. Nxe5 Rd2 18. Bh5 Rf8 19. Nc4 Nxg3 20. hxg3 Rd7 21. Rfd1 Rdd8 22. Ne5 Kg7 23. Bf3 Bxf3 24. gxf3 Bf6 25. Nc6 Ra8 26. Rd7 a5 27. Rb7 Ra6 28. Rd1 b5 29. Nd4 Bxd4 30.
Rxd4 b4 31. cxb4 axb4 32. Rdxb4 Rxa2 33. Rd7 Ra5 34. Kg2 Rc8 35. Rbb7 Rf5 36. Rd2 Rcc5 37. Rb3 h5 38. Re3 Kg6 39. b4 Rb5 40. Rd4 Rfd5 41.
Rc4 Rd2 42. Ree4 Rb2 43. g4 h4 44. f4 f6 45. Rxe6 gxf4 46. Rxf4 R2xb4 47. Rexf6+ Kg5 48. R6f5+ Rxf5 49. Rxb4 Rf4 50. Rxf4 Kxf4 51. f3 1-0

[Event "*** Titled Tuesday Blitz"]
[Site "Chess.com"]
[Date "2020.05.26"]
[Round "2"]
[White "AndrewMaco"]
[Black "TenisMaster"]
[Result "1/2-1/2"]
[WhiteElo "2542"]
[BlackElo "2825"]
[TimeControl "180+1"]
[EndTime "10:17:58 PDT"]
[Termination "Game drawn by repetition"]

1. e4 e5 2. Nf3 Nc6 3. Bb5 Nf6 4. O-O Nxe4 5. Re1 Nd6 6. Nxe5 Be7 7. Bf1 Nxe5 8. Rxe5 O-O 9. d4 Ne8 10. c4 d6 11. Re1 Bg5 12. Nc3 Bxc1 13. Rxc1 Nf6 14. d5 Bf5 15. Qd4 Qd7 16. h3 h5 17. Re3 a6 18.
Rce1 Rfe8 19. Qf4 Bg6 20. Qd4 Rxe3 21. Rxe3 Re8 22. Be2 Rxe3 23. Qxe3 Kf8 24. Qa7 Qc8 25. b4 Nd7 26. Qd4 Qe8 27. f4 Qe7 28. a3 Qf6 29. Qxf6 Nxf6 30. g4 hxg4 31. hxg4 Ne4 32. Nxe4 Bxe4 33.
Kf2 Ke7 34. Ke3 Bc2 35. Kd4 f6 36. c5 Ba4 37. Bd3 Kd8 38. Bf5 Bd1 39. Be6 Ba4 40.
g5 fxg5 41. fxg5 Bd1 42. c6 b6 43. Bf5 Be2 44. Be6 Bf1 45. Bf5 Ke7 46. Be6 Kd8 47. Ke3 Ke7 48. Kf4 Be2 49. Ke3 Bf1 50.
Kd4 Bb5 51. Bf5 Bf1 52. Be6 1/2-1/2

[Event "*** Titled Tuesday Blitz"]
[Site "Chess.com"]
[Date "2020.05.26"]
[Round "2"]
[White "praveenb2002"]
[Black "2346PL"]
[Result "1-0"]
[WhiteElo "2757"]
[BlackElo "2500"]
[TimeControl "180+1"]
[EndTime "10:17:58 PDT"]
[Termination "praveenb2002 won on time"]

1. e4 c5 2. Nf3 Nf6 3. Nc3 Nc6 4.
d4 d5 5. exd5 Nxd5 6. Nxd5 Qxd5 7.
Be3 cxd4 8. Nxd4 Bd7 9. Nb5 Qxd1+ 10. Rxd1 Rc8 11. Nxa7 Nxa7 12. Bxa7 Rxc2 13. Bd4 e5 14.
Bd3 Bb4+ 15. Kf1 Rc8 16. Bxe5 O-O 17. h3 Rfe8 18. Bf4 Be6 19. a3 Bb3 20. Ra1 Be7 21.
Be5 Bxa3 22. Bxg7 Kxg7 23. bxa3 Rc3 24. Bb5 Re5 25. a4 Rc2 26. g4 Bd5 27. Rg1 Re4 28. Bd3 Bc4 29. Bxc4 Rexc4 30. Kg2 Rf4 31. Rgf1 Kg6 32.
Kg3 Rb4 33. a5 h5 34. a6 Rb3+ 35. Kh4 hxg4 36. a7 f5 37. hxg4 Rc7 38. gxf5+ Kxf5 39. f3 Rh7+ 40. Kg3 Rg7+ 41. Kf2 Rb2+ 42. Ke3 Re7+ 43. Kd4 1-0

[Event "*** Titled Tuesday Blitz"]
[Site "Chess.com"]
[Date "2020.05.26"]
[Round "2"]
[White "LizaSolovyova"]
[Black "francyIM"]
[Result "0-1"]
[WhiteElo "2475"]
[BlackElo "2710"]
[TimeControl "180+1"]
[EndTime "10:17:58 PDT"]
[Termination "francyIM won on time"]

1. d4 Nf6 2. Nc3 e6 3. e4 d5 4.
Bg5 Bb4 5. e5 h6 6. Be3 Ne4 7.
Qg4 Kf8 8. Ne2 c5 9. a3 cxd4 10. Bxd4 Qa5 11. O-O-O Nxc3 12. Nxc3 Be7 13. Nb5 Nc6 14.
Bc3 Qd8 15. f4 h5 16. Qg3 g6 17. h4 Bd7 18. Nd6 Qb6 19. Bd3 Rg8 20. Qf3 d4 21. Bd2 Bxd6 22. exd6 Qc5 23. g4 hxg4 24. Qxg4 Qxd6 25.
h5 gxh5 26. Qxh5 a5 27. f5 exf5 28. Bh6+ Ke8 29. Rhe1+ Kd8 30. Kb1 Kc7 31. Bxf5 Bxf5 32. Qxf5 Qxh6 33. Qxf7+ Kb6 34. a4 Qd6 35. Re6 Qc5 36.
Rd3 Ka7 37. Rb3 Nb4 38. Re1 Qxc2+ 39. Ka1 Qc6 40. Qf5 Qxa4+ 0-1